 Dungeon Crawl Stone Soup version 0.29-a0-834-g1e95ca9f62 (webtiles) character file.

Game seed: 10555682789090043166

1720 avis the Shooter (level 8, -3/61 (66) HPs)
             Began as a Demigod Ice Elementalist on July 12, 2022.
             Slain by a wight
             ... wielding a +2 great sword of freezing
              (12 damage)
             ... on level 5 of the Dungeon.
             The game lasted 00:47:25 (7032 turns).

avis the Shooter (Demigod Ice Elementalist)         Turns: 7032, Time: 00:47:26

HP:   -3/61 (66)    AC:  5    Str:  9    XL:     8   Next: 46%
MP:   17/17         EV: 12    Int: 17    God:
Gold: 332           SH:  0    Dex: 22    Spells: 8/15 levels left

rFire   + . .      SeeInvis .   b - +1 sling (freeze)
rCold   + . .      Faith    .   (no shield)
rNeg    . . .      Spirit   .   E - +2 leather armour {rF+}
rPois   .          Reflect  .   (no helmet)
rElec   .          Harm     .   (no cloak)
rCorr   .          Rampage  .   (no gloves)
Will    .....                   (no boots)
Stlth   ++........              (no amulet)
HPRegen 0.20/turn               m - ring of protection from fire
MPRegen 0.15/turn               v - ring of ice

@: about to teleport, drained
A: high MP 1, forlorn, divine attributes
a: no special abilities


You were on level 5 of the Dungeon.
You visited 2 branches of the dungeon, and saw 7 of its levels.

You collected 332 gold pieces.

Inventory:

Hand Weapons
 a - a +2 short sword of speed
 b - a +1 sling of freezing (weapon)
 n - a +0 dire flail of draining
 y - a +0 dagger of venom
 z - a +0 falchion
 A - a +1 dagger of electrocution
Missiles
 o - 21 poisoned darts
 F - a boomerang
Armour
 d - a +0 robe
 E - a +2 leather armour of fire resistance (worn)
Jewellery
 g - a ring of protection from cold
 m - a ring of protection from fire (left hand)
 v - a ring of ice (right hand)
Wands
 r - a wand of acid (8)
 C - a wand of charming (11)
Scrolls
 e - a scroll of immolation {unknown}
 f - a scroll of silence {unknown}
 h - 2 scrolls of teleportation
 i - 2 scrolls of amnesia {unknown}
 j - a scroll of fear {unknown}
 l - a scroll of noise {unknown}
 p - a scroll of brand weapon {unknown}
 q - 2 scrolls of magic mapping {unknown}
 B - a scroll of identify
Potions
 c - 3 potions of magic
 k - a potion of berserk rage {unknown}
 s - 2 potions of curing
 t - a potion of brilliance {unknown}
 u - 2 potions of might {unknown}
 w - a potion of flight {unknown}
 x - a potion of attraction
 D - a potion of lignification


   Skills:
 - Level 4.0 Fighting
 - Level 7.0 Ranged Weapons
 - Level 1.7 Dodging
 - Level 1.7 Stealth
 - Level 4.0 Spellcasting
 * Level 5.9 Ice Magic


You had 8 spell levels left.
You knew the following spells:

 Your Spells              Type           Power      Damage    Failure   Level
a - Freeze                Ice            100%       1d11      1%          1
o - Ozocubu's Armour      Ice            35%        N/A       6%          3
r - Frozen Ramparts       Ice            70%        1d9       6%          3

Your spell library contained the following spells:

 Spells                   Type           Power      Damage    Failure   Level
 Ensorcelled Hibernation  Hex/Ice        40%        N/A       10%         2
 Foxfire                  Conj/Fire      12%        2x1d4     22%         1
 Sandblast                Erth           6%         2d5       22%         1
 Passwall                 Tmut/Erth      2%         N/A       32%         2
 Call Canine Familiar     Summ           3%         N/A       54%         3
 Conjure Flame            Conj/Fire      3%         6-21      54%         3
 Ignite Poison            Fire/Tmut/Pois 3%         N/A       54%         3
 Inner Flame              Hex/Fire       3%         N/A       54%         3
 Mephitic Cloud           Conj/Pois/Air  3%         N/A       54%         3
 Portal Projectile        Hex/Tloc       6%         N/A       54%         3
 Stone Arrow              Conj/Erth      6%         3d7       54%         3
 Swiftness                Air            3%         N/A       54%         3
 Hailstorm                Conj/Ice       20%        3d6       54%         4
 Flame Wave               Conj/Fire      3%         2d4       91%         4
 Leda's Liquefaction      Hex/Erth       1%         N/A       91%         4
 Freezing Cloud           Conj/Ice/Air   7%         6-21      95%         5


Dungeon Overview and Level Annotations

Branches:
Dungeon (6/15)             Temple (1/1) D:4

Shops:
D:1 [   D:3 *(


Innate Abilities, Weirdness & Mutations

You have an increased reservoir of magic. (+10% MP)
You shall have no god before yourself.
Your divine heritage dramatically boosts your attributes as you level up.


Message History

Aim: a wight, wielding a +2 great sword of freezing and wearing a +0 robe (heavily damaged, 67% to hit)
You shoot a sling bullet.
The sling bullet closely misses the wight.
Your icy armour will break if you move.
Continue?
Okay, then.
Your icy armour will break if you move.
Continue?
Your icy armour cracks and falls away as you move.
There is a stone staircase leading up here.
You climb upwards.
There is a stone staircase leading down, spattered with blood here.
You start resting.
Magic restored.
You start waiting.
Done waiting.
You climb downwards.
The wight hits you with a +4 morningstar!
You feel drained. The wight misses you.
The wight hits you with a +2 great sword of freezing!
You feel drained.
The wight hits you from afar with a +1 spear.
The wight closely misses you.
There is a stone staircase leading up, spattered with blood here.
The wight closely misses you.
The wight hits you with a +2 great sword of freezing!
* * * LOW HITPOINT WARNING * * *
The wight misses you.
You climb upwards.
There is a stone staircase leading down, spattered with blood here.
As you read the scroll labelled ZYFIRO QUSYIR, it crumbles to dust.
You feel strangely unstable.
It was a scroll of teleportation.
The wight barely misses you.
The wight hits you with a +2 great sword of freezing.
* * * LOW HITPOINT WARNING * * *
You feel drained.
* * * LOW HITPOINT WARNING * * *
You feel better.
The wight hits you with a +4 morningstar!
* * * LOW HITPOINT WARNING * * *
The wight hits you with a +2 great sword of freezing!
You die...

#.# #........# #.#
#........# #.#
#........# #.#
#........#
#.##########........###
#.....................[
############........###
##################
#@............)...
#zz...............
#.##....##########
#.##....# #######
#.##....# #......
#.##....# #......
###.##....####......
#....'......##......
#.#.##....#.##......


You could see 2 wights.

Vanquished Creatures
  Eustachio (D:5)
  Edmund (D:5)
  An ogre (D:5)
  A phantom (D:5)
  A kobold brigand (D:6)
  2 necrophages
  5 scorpions
  A wight (D:5)
  2 hounds
  4 jellies
  5 orc priests
  Natasha (D:3)
  3 iguanas
  An orc wizard (D:5)
  Ijyb (D:5)
  6 gnolls
  11 adders
  An ufetubus (D:6)
  A worm (D:4)
  3 dart slugs
  27 orcs
  8 bats
  10 endoplasms
  A giant cockroach (D:3)
  6 goblins
  5 hobgoblins
  15 kobolds
  9 quokkas
  5 ball pythons
  4 frilled lizards
  7 rats
149 creatures vanquished.

Vanquished Creatures (others)
  22 plants (D:6)
22 creatures vanquished.

Grand Total: 171 creatures vanquished

Notes
Turn   | Place    | Note
-------+----------+-------------------------------------------
     0 | D:1      | avis the Demigod Ice Elementalist began the quest for the
                  | Orb.
     0 | D:1      | Reached XP level 1. HP: 14/14 MP: 5/5
    58 | D:1      | Found Wupiong's Armour Shoppe.
    76 | D:1      | Reached skill level 1 in Fighting
   270 | D:1      | Reached XP level 2. HP: 23/23 MP: 4/7
  1318 | D:2      | Reached XP level 3. HP: 29/29 MP: 8/8
  1547 | D:2      | Reached skill level 1 in Ranged Weapons
  1779 | D:2      | Learned a level 3 spell: Ozocubu's Armour
  1981 | D:2      | Reached skill level 2 in Ranged Weapons
  1981 | D:2      | Reached XP level 4. HP: 24/36 MP: 1/9
  2102 | D:2      | Learned a level 3 spell: Frozen Ramparts
  2178 | D:3      | Found Ahesyuf's Weapon Shoppe.
  2467 | D:3      | Reached skill level 3 in Ranged Weapons
  2712 | D:3      | Reached XP level 5. HP: 41/41 MP: 10/10
  2716 | D:3      | Found Teidek's General Store.
  2793 | D:3      | Found Nuleinao's Armour Shoppe.
  2956 | D:3      | Reached skill level 4 in Ranged Weapons
  3399 | D:3      | Noticed Natasha
  3404 | D:3      | Killed Natasha
  3786 | D:3      | Reached XP level 6. HP: 40/51 MP: 8/12
  3948 | D:4      | Found a staircase to the Ecumenical Temple.
  3974 | Temple   | Entered the Ecumenical Temple
  4333 | D:4      | Reached skill level 5 in Ice Magic
  4844 | D:5      | Entered Level 5 of the Dungeon
  4980 | D:5      | Reached XP level 7. HP: 40/57 MP: 10/14
  5207 | D:5      | Reached skill level 5 in Ranged Weapons
  5285 | D:5      | Reached skill level 6 in Ranged Weapons
  5409 | D:5      | Noticed Eustachio
  5443 | D:5      | Killed Eustachio
  5488 | D:5      | Noticed Edmund
  5514 | D:5      | Killed Edmund
  5644 | D:5      | Reached skill level 7 in Ranged Weapons
  5644 | D:5      | Reached XP level 8. HP: 51/58 MP: 10/15
  5794 | D:5      | Noticed Ijyb
  5802 | D:5      | Killed Ijyb
  7032 | D:5      | Slain by a wight

Illustrated notes

Levels and vault maps discovered:
D:1:      lightli_arrival_maybe_door_vault, layout_basic, serial_shops, shop
D:2:      layout_basic, minmay_quantized
D:3:      layout_loops_corners, mainiacjoe_overflow_paths,
          mainiacjoe_overflow_catwalk, nicolae_overflow_hidden_temple,
          serial_shops, shop_fountains, shop, nicolae_shop_waterfront,
          chequers_serial_rivers_large_a, minmay_misc_feat_hallway, uniq_natasha
D:4:      layout_loops_ring, minmay_temple_entry_waves
D:5:      layout_basic, trog_three_pillars_becter, uniq_edmund, uniq_eustachio,
          uniq_ijyb
D:6:      layout_loops_ring, mainiacjoe_overflow_cross_hatched,
          guppyfry_shop_venom
Temple:   hellmonk_temple_beads

Skill      XL: |  1  2  3  4  5  6  7  8 |
---------------+-------------------------+-----
Fighting       | 1 2 3 4 |  4.0
Spellcasting   | 2 3 4 |  4.0
Ice Magic      | 4 5 |  5.9
Ranged Weapons | 2 3 4 7 |  7.0
Dodging        | |  1.7
Stealth        | |  1.7

Action                   |  1- 3 |  4- 6 |  7- 9 || total
-------------------------+-------+-------+-------++-------
Melee: Dagger            |     1 |    15 |       ||    16
       Short sword       |       |       |    41 ||    41
 Fire: Sling             |    93 |    88 |   117 ||   298
 Cast: Freeze            |    37 |    42 |    39 ||   118
       Ozocubu's Armour  |     1 |     4 |    12 ||    17
  Use: Scroll            |       |     4 |     1 ||     5
       Potion            |       |       |     3 ||     3
Armor: Robe              |     6 |    15 |    21 ||    42
       Skin              |       |       |    18 ||    18
       Leather armour    |       |       |    14 ||    14
Dodge: Dodged            |    22 |    34 |    73 ||   129

Table legend: (Time is in decaauts)
 A = Elapsed time spent in this place.
 B = Non-inter-level travel time spent in this place.
 C = Inter-level travel time spent in this place.
 D = Time resting spent in this place.
 E = Time spent auto-exploring this place.
 F = Levels seen in this place.
 G = Mean time per level.
                   A        B        C        D        E       F      G
               +--------+--------+--------+--------+--------+-----+--------+
         Total |   7101 |   6431 |    670 |   1763 |   3447 |   7 | 1014.4 |
       Dungeon |   7090 |   6420 |    670 |   1763 |   3447 |   6 | 1181.7 |
        Temple |     11 |     11 |      0 |      0 |      0 |   1 |   11.0 |
               +--------+--------+--------+--------+--------+-----+--------+

Top non-repeatable levels by time:
     D:5: 1707 daAuts
     D:3: 1583 daAuts
     D:1: 1295 daAuts
     D:2: 1148 daAuts
     D:4: 944 daAuts
     D:6: 410 daAuts
  Temple: 11 daAuts
